BR (22 & UNDER)
LOGAN SWANS @ SANTA ANNA DUKES
09/21/2030
 
TOP OF THE 1ST
Logan Swans batting - Pitching for Santa Anna Dukes : LHP Bill McLean
Pitching: LHP Bill McLean
Batting: LHB Bob Coztana 0-0: Called Strike
0-1: Ball
1-1: Ball
2-1: Swinging Strike
2-2: Ball
3-2: Base on Balls
Batting: RHB Jesús Farías 0-0: Ball
1-0: Called Strike
1-1: Ball
2-1: Foul Ball, location: 2F
2-2: Strikes out swinging
Batting: RHB Víctor Cuevas 0-0: Ball
Bob Coztana steals 2nd base
1-0: Swinging Strike
1-1: Fly out, F7 (Flyball, 7LM)
Batting: SHB Hang-ki Leong 0-0: Called Strike
0-1: Foul Ball, location: 2F
0-2: Ball
1-2: SINGLE (Flyball, 89S)
Bob Coztana to third
Runner from 3rd tries for Home, SAFE, throw made home
Batting: RHB José Ayala 0-0: Foul Ball, location: 2F
0-1: Swinging Strike
0-2: Ball
1-2: Strikes out swinging
Top of the 1st over - 1 run, 1 hit, 0 errors, 1 left on base; Logan 1 - Santa Anna 0
BOTTOM OF THE 1ST
Santa Anna Dukes batting - Pitching for Logan Swans : RHP Carlos Abrante
Pitching: RHP Carlos Abrante
Batting: RHB Félix Sánchez 0-0: Called Strike
0-1: Called Strike
0-2: Foul Ball, location: 2F
0-2: Fly out, F8 (Flyball, 8RD)
Batting: RHB José Germán 0-0: Ball
1-0: Swinging Strike
1-1: Swinging Strike
1-2: Strikes out looking
Batting: LHB Francisco Madraso 0-0: Ball
1-0: Ball
2-0: Swinging Strike
2-1: Ball
3-1: Called Strike
3-2: Strikes out looking
Bottom of the 1st over - 0 runs, 0 hits, 0 errors, 0 left on base; Logan 1 - Santa Anna 0
TOP OF THE 2ND
Logan Swans batting - Pitching for Santa Anna Dukes : LHP Bill McLean
Batting: LHB Vicente Vega 0-0: Ball
1-0: Swinging Strike
1-1: Ball
2-1: Ball
3-1: Foul Ball, location: 2F
3-2: Ground out 3-1 (Groundball, 34)
Batting: RHB Jesús García 0-0: Ball
1-0: Called Strike
1-1: Ball
2-1: Foul Ball, location: 2F
2-2: Strikes out looking
Batting: RHB Sergio Mora 0-0: SINGLE (Line Drive, 4MD)
Batting: RHB Amando Ursulo 0-0: Ball
1-0: Ball
2-0: Called Strike
2-1: Foul Ball, location: 2F
2-2: Strikes out swinging, 2-3 out at first.
Top of the 2nd over - 0 runs, 1 hit, 0 errors, 1 left on base; Logan 1 - Santa Anna 0
BOTTOM OF THE 2ND
Santa Anna Dukes batting - Pitching for Logan Swans : RHP Carlos Abrante
Batting: RHB Pedro Velásquez 0-0: Ball
1-0: Called Strike
1-1: Called Strike
1-2: SINGLE (Groundball, 56D)
Batting: RHB Julián García 0-0: Swinging Strike
0-1: Ball
1-1: Foul Ball, location: 2F
1-2: Ball
2-2: Fielders Choice at 2nd, 1-6 (Groundball, 13S)
Batting: RHB Pancho López 0-0: Fly out, F9 (Flyball, 9D)
Batting: RHB Félix Sandoval 0-0: Ball
1-0: Called Strike
1-1: Ball
2-1: Called Strike
2-2: Ball
3-2: Strikes out swinging
Bottom of the 2nd over - 0 runs, 1 hit, 0 errors, 1 left on base; Logan 1 - Santa Anna 0
TOP OF THE 3RD
Logan Swans batting - Pitching for Santa Anna Dukes : LHP Bill McLean
Batting: LHB Bob Coztana 0-0: Ground out 6-3 (Groundball, 6)
Batting: RHB Jesús Farías 0-0: Ball
1-0: Called Strike
1-1: Ball
2-1: Ball
3-1: Called Strike
3-2: SINGLE (Groundball, 34D)
Batting: RHB Víctor Cuevas 0-0: SINGLE (Line Drive, 34D)
Jesús Farías to second
Runner from 2nd tries for 3rd, SAFE, no throw
Batting: SHB Hang-ki Leong 0-0: Ball
1-0: Ball
2-0: Called Strike
2-1: Swinging Strike
2-2: Strikes out looking
Batting: RHB José Ayala 0-0: Called Strike
0-1: Called Strike
0-2: Strikes out swinging
Top of the 3rd over - 0 runs, 2 hits, 0 errors, 2 left on base; Logan 1 - Santa Anna 0
BOTTOM OF THE 3RD
Santa Anna Dukes batting - Pitching for Logan Swans : RHP Carlos Abrante
Batting: RHB Arturo Ruíz 0-0: Ball
1-0: Called Strike
1-1: Ball
2-1: SINGLE (Line Drive, 56D)
Batting: RHB Jon Hinton 0-0: Ball
1-0: Ball
2-0: Called Strike
2-1: Swinging Strike
2-2: Strikes out looking
Batting: RHB Félix Sánchez 0-0: Ball
1-0: Ball
2-0: Ball
3-0: Called Strike
3-1: Foul Ball, location: 2F
3-2: SINGLE (Line Drive, 78S)
Arturo Ruíz to second
Arturo Ruíz to third
Batting: RHB José Germán 0-0: Called Strike
0-1: SINGLE (Groundball, 34D)
Arturo Ruíz scores
Félix Sánchez to second
Runner from 2nd tries for 3rd, SAFE, no throw
Batting: LHB Francisco Madraso 0-0: Foul Ball, location: 2F
0-1: Ball
1-1: Ball
2-1: Foul Ball, location: 2F
2-2: SINGLE (Groundball, 34D)
Félix Sánchez scores
José Germán to second
Runner from 2nd tries for 3rd, OUT!
Francisco Madraso to second
Batting: RHB Pedro Velásquez 0-0: Called Strike
0-1: SINGLE (Line Drive, 6MD)
Francisco Madraso to third
Runner from 3rd tries for Home, SAFE, no throw
Batting: RHB Julián García 0-0: Ball
1-0: Ball
2-0: Called Strike
2-1: Ground out 6-3 (Groundball, 6MD)
Bottom of the 3rd over - 3 runs, 5 hits, 0 errors, 1 left on base; Logan 1 - Santa Anna 3
TOP OF THE 4TH
Logan Swans batting - Pitching for Santa Anna Dukes : LHP Bill McLean
Batting: LHB Vicente Vega 0-0: Ball
1-0: Ball
2-0: Foul Ball, location: 2F
2-1: Foul Ball, location: 2F
2-2: Foul Ball, location: 2F
2-2: Foul Ball, location: 2F
2-2: Ball
3-2: SINGLE (Line Drive, 56D)
Batting: RHB Jesús García 0-0: Ball
1-0: Called Strike
1-1: Fly out, F6 (Popup, 6MD)
Batting: RHB Sergio Mora 0-0: Called Strike
0-1: Fly out, F8 (Flyball, 8RD)
Batting: RHB Amando Ursulo 0-0: Called Strike
0-1: Swinging Strike
0-2: Ball
1-2: Strikes out swinging
Top of the 4th over - 0 runs, 1 hit, 0 errors, 1 left on base; Logan 1 - Santa Anna 3
BOTTOM OF THE 4TH
Santa Anna Dukes batting - Pitching for Logan Swans : RHP Carlos Abrante
Batting: RHB Pancho López 0-0: Ball
1-0: Ground out 5-3 (Groundball, 5S)
Batting: RHB Félix Sandoval 0-0: Called Strike
0-1: Foul Ball, location: 2F
0-2: Strikes out swinging
Batting: RHB Arturo Ruíz 0-0: Ball
1-0: Called Strike
1-1: Ball
2-1: Ball
3-1: Base on Balls
Batting: RHB Jon Hinton 0-0: Fly out, F8 (Flyball, 78D)
Bottom of the 4th over - 0 runs, 0 hits, 0 errors, 1 left on base; Logan 1 - Santa Anna 3
TOP OF THE 5TH
Logan Swans batting - Pitching for Santa Anna Dukes : LHP Bill McLean
Batting: LHB Bob Coztana 0-0: Ground out 5-3 (Groundball, 5)
Batting: RHB Jesús Farías 0-0: Ball
1-0: Called Strike
1-1: Swinging Strike
1-2: Fly out, F7 (Flyball, 78D)
Batting: RHB Víctor Cuevas 0-0: Ball
1-0: Ground out 5-3 (Groundball, 56)
Top of the 5th over - 0 runs, 0 hits, 0 errors, 0 left on base; Logan 1 - Santa Anna 3
BOTTOM OF THE 5TH
Santa Anna Dukes batting - Pitching for Logan Swans : RHP Carlos Abrante
Batting: RHB Félix Sánchez 0-0: Called Strike
0-1: Ball
1-1: SINGLE (Line Drive, 89S)
Batting: RHB José Germán 0-0: DOUBLE (Line Drive, 9LS)
Félix Sánchez to third
Runner from 3rd tries for Home, SAFE, no throw
Batting: LHB Francisco Madraso 0-0: Called Strike
0-1: Swinging Strike
0-2: Ball
1-2: Ball
2-2: Strikes out swinging
Batting: RHB Pedro Velásquez 0-0: Ball
Wild Pitch!
José Germán to third
1-0: Ball
2-0: Ball
3-0: Called Strike
3-1: Swinging Strike
3-2: SINGLE (Groundball, 56D)
José Germán scores
Pitching: RHP Kenneth Garner
Batting: RHB Julián García 0-0: Ball
Wild Pitch!
Pedro Velásquez to second
1-0: Ball
2-0: SINGLE (Groundball, 6MD)
Pedro Velásquez to third
Runner from 3rd tries for Home, SAFE, throw made home
Batting: RHB Pancho López 0-0: Ball
1-0: Ball
2-0: Ball
3-0: Called Strike
3-1: Fly out, F7 (Flyball, 7D)
Batting: RHB Félix Sandoval 0-0: Called Strike
Julián García is caught stealing 2nd base
Bottom of the 5th over - 3 runs, 4 hits, 0 errors, 0 left on base; Logan 1 - Santa Anna 6
TOP OF THE 6TH
Logan Swans batting - Pitching for Santa Anna Dukes : LHP Bill McLean
Batting: SHB Hang-ki Leong 0-0: Ball
1-0: Ball
2-0: Fly out, F5 (Line Drive, 56)
Batting: RHB José Ayala 0-0: Called Strike
0-1: Ball
1-1: SINGLE (Flyball, 78S)
Batting: LHB Vicente Vega 0-0: Swinging Strike
0-1: Foul Ball, location: 2F
0-2: Foul Ball, location: 2F
0-2: Ball
1-2: Ball
2-2: Ball
3-2: Base on Balls
José Ayala to second
Batting: RHB Jesús García 0-0: Called Strike
0-1: DOUBLE (Line Drive, 9LD)
José Ayala scores
Vicente Vega to third
Batting: RHB Sergio Mora 0-0: Ball
1-0: Fly out, F8 (Flyball, 89D)
Runner from 3rd tags up, SCORES, throw made
Batting: RHB Amando Ursulo 0-0: Fly out, F8 (Flyball, 8RXD)
Top of the 6th over - 2 runs, 2 hits, 0 errors, 1 left on base; Logan 3 - Santa Anna 6
BOTTOM OF THE 6TH
Santa Anna Dukes batting - Pitching for Logan Swans : RHP Kenneth Garner
Batting: RHB Félix Sandoval 0-0: Fly out, F3 (Popup, 3SF)
Batting: RHB Arturo Ruíz 0-0: Ball
1-0: Foul Ball, location: 2F
1-1: Fly out, F7 (Flyball, 78M)
Batting: RHB Jon Hinton 0-0: Foul Ball, location: 2F
0-1: Ball
1-1: Ball
2-1: Fly out, F9 (Flyball, 9LMF)
Bottom of the 6th over - 0 runs, 0 hits, 0 errors, 0 left on base; Logan 3 - Santa Anna 6
TOP OF THE 7TH
Logan Swans batting - Pitching for Santa Anna Dukes : LHP Bill McLean
Pitching: RHP Jing Woo
Batting: LHB Bob Coztana 0-0: Called Strike
0-1: Foul Ball, location: 2F
0-2: Ball
1-2: Ball
2-2: Strikes out swinging
Batting: RHB Jesús Farías 0-0: Foul Ball, location: 2F
0-1: Reached on error, E1 (Groundball, 15S)
Batting: RHB Víctor Cuevas 0-0: Called Strike
0-1: Ball
1-1: Ball
2-1: Swinging Strike
2-2: Strikes out swinging
Batting: SHB Hang-ki Leong 0-0: Ball
Jesús Farías is caught stealing 2nd base
Top of the 7th over - 0 runs, 0 hits, 1 error, 0 left on base; Logan 3 - Santa Anna 6
BOTTOM OF THE 7TH
Santa Anna Dukes batting - Pitching for Logan Swans : RHP Kenneth Garner
Batting: RHB Félix Sánchez 0-0: Called Strike
0-1: Foul Ball, location: 2F
0-2: Ball
1-2: Fly out, F7 (Flyball, 78D)
Batting: RHB José Germán 0-0: Ball
1-0: Ground out 5-3 (Groundball, 5)
Batting: LHB Francisco Madraso 0-0: Ball
1-0: Ball
2-0: SINGLE (Line Drive, 4)
Batting: RHB Pedro Velásquez 0-0: Ball
1-0: Ball
2-0: Called Strike
2-1: Ball
3-1: Foul Ball, location: 2F
3-2: Strikes out swinging
Bottom of the 7th over - 0 runs, 1 hit, 0 errors, 1 left on base; Logan 3 - Santa Anna 6
TOP OF THE 8TH
Logan Swans batting - Pitching for Santa Anna Dukes : RHP Jing Woo
Batting: SHB Hang-ki Leong 0-0: Ball
1-0: Called Strike
1-1: Ball
2-1: Called Strike
2-2: Foul Ball, location: 2F
2-2: Strikes out swinging
Batting: RHB José Ayala 0-0: Ball
1-0: Foul Ball, location: 2F
1-1: Ball
2-1: Ball
3-1: Ground out 4-3 (Groundball, 4MD)
Batting: LHB Vicente Vega 0-0: Ball
1-0: Fly out, F9 (Flyball, 9LD)
Top of the 8th over - 0 runs, 0 hits, 0 errors, 0 left on base; Logan 3 - Santa Anna 6
BOTTOM OF THE 8TH
Santa Anna Dukes batting - Pitching for Logan Swans : RHP Kenneth Garner
Batting: RHB Julián García 0-0: SINGLE (Groundball, 56D)
Batting: RHB Pancho López 0-0: Ball
1-0: DOUBLE (Line Drive, 78D)
Julián García to third
Runner from 3rd tries for Home, SAFE, no throw
Batting: RHB Félix Sandoval 0-0: Ball
1-0: Reached on error, E6 (Popup, P)
Pancho López to third
Batting: RHB Arturo Ruíz 0-0: Ball
1-0: Swinging Strike
1-1: Foul Ball, location: 2F
1-2: Foul Ball, location: 2F
1-2: Ball
2-2: Strikes out looking
Batting: RHB Jon Hinton 0-0: Called Strike
0-1: Ball
1-1: Foul Ball, location: 2F
1-2: Strikes out swinging
Batting: RHB Félix Sánchez 0-0: Called Strike
0-1: SINGLE (Groundball, 56D)
Pancho López scores
Félix Sandoval to second
Batting: RHB José Germán 0-0: Hit by Pitch
Félix Sandoval to third
Félix Sánchez to second
Batting: LHB Francisco Madraso 0-0: Ball
Wild Pitch!
Félix Sandoval scores
Félix Sánchez to third
José Germán to second
1-0: Ball
2-0: Foul Ball, location: 2F
2-1: Foul Ball, location: 2F
2-2: Ball
3-2: SINGLE (Flyball, 78M)
Félix Sánchez scores
José Germán to third
José Germán scores
Batting: RHB Pedro Velásquez 0-0: Ball
1-0: Ball
2-0: Ball
3-0: Called Strike
3-1: Ground out U3 (Groundball, 34S)
Bottom of the 8th over - 5 runs, 4 hits, 1 error, 1 left on base; Logan 3 - Santa Anna 11
TOP OF THE 9TH
Logan Swans batting - Pitching for Santa Anna Dukes : RHP Jing Woo
Now at C: Jarrod Campbell
Now at 1B: Jesús Medina
Now at 3B: Eric Hillman
Batting: RHB Jesús García 0-0: Ball
1-0: Ball
2-0: Ball
3-0: Base on Balls
Batting: RHB Sergio Mora 0-0: Called Strike
0-1: Foul Ball, location: 2F
0-2: Ball
1-2: Strikes out swinging
Batting: RHB Amando Ursulo 0-0: Called Strike
0-1: Swinging Strike
0-2: Ball
1-2: Foul Ball, location: 2F
1-2: Ball
2-2: Fielders Choice at 2nd, 3-6 (Groundball, 34)
Batting: LHB Bob Coztana 0-0: Ball
1-0: Called Strike
1-1: Foul Ball, location: 2F
1-2: Strikes out looking
Top of the 9th over - 0 runs, 0 hits, 0 errors, 1 left on base; Logan 3 - Santa Anna 11
Saturday, April 7th, 2018 - OOTP Baseball 18.8 Build 76